AoeStats
← ivs

Hideout

510129914Analyzed
1v1 RM · 2d ago on Sep 29, 2026· 56m 52s· 2 players
Game mode
Random Map
Map size
Tiny (2 player)
Population
200
Speed
Normal
Resources
Standard
Victory
Conquest
Starting age
Dark Age
Ending age
Imperial Age
RankedLock teamsTeams togetherTeam positionsShared explorationLock speedFull tech treeHidden civsTurbo modeCheats
Victory
Defeat
🇦🇷 Koreans · Argentina
1450
+13
🇺🇸 Teutons · United States
1389
-13
ivs
10:14 Feudal Age
13:58 Castle Age
13:47 Loom
14:32 Double-Bit Axe
17:15 Fletching
21:15 Horse Collar
27:13 Wheelbarrow
27:10 Gold Mining
27:48 Bow Saw
28:13 Bodkin Arrow
29:17 Elite Skirmisher
32:55 Imperial Age
31:11 Ballistics
31:30 Town Watch
32:12 Heavy Plow
32:49 Gold Shaft Mining
34:03 Hand Cart
35:15 Chemistry
34:21 Siege Engineers
34:19 Bracer
35:33 Masonry
35:28 Scale Mail Armor
35:38 Forging
35:31 Elite Fire Lancer
36:12 Squires
37:54 Town Patrol
38:27 Conscription
39:16 Two-Man Saw
38:54 Architecture
38:04 Treadmill Crane
37:56 Light Cavalry
38:36 Husbandry
39:10 Eupseong
39:46 Stone Mining
40:21 Arrowslits
40:35 Murder Holes
41:34 Arson
42:06 Chain Mail Armor
42:27 Iron Casting
41:56 Pikeman
44:25 Plate Mail Armor
44:00 Hussar
45:18 Stone Shaft Mining
45:51 Halberdier
47:49 Scale Barding Armor
54:08 Chain Barding Armor
Perfunctory
9:19 Feudal Age
9:24 Man-at-Arms
9:51 Double-Bit Axe
18:02 Castle Age
17:29 Fletching
18:46 Padded Archer Armor
18:37 Elite Skirmisher
19:06 Loom
19:31 Bodkin Arrow
24:54 Wheelbarrow
28:30 Ballistics
29:10 Bloodlines
29:09 Scale Barding Armor
36:32 Imperial Age
35:48 Scale Mail Armor
37:20 Ironclad
37:47 Capped Ram
39:10 Chain Mail Armor
40:26 Crenellations
41:00 Bow Saw
40:35 Horse Collar
41:39 Town Watch
43:03 Plate Mail Armor
44:21 Forging
44:37 Ironclad
45:53 Conscription
46:06 Hand Cart
47:03 Elite Teutonic Knight
48:48 Town Patrol
51:57 Iron Casting
51:11 Arson
51:28 Squires
51:14 Arson
55:29 Leather Archer Armor
Connection lost

Rejoining the realm…

Still unreachable

The connection could not be restored.

Session expired

The server has moved on; the page needs a fresh start.